 Dungeon Crawl Stone Soup version 0.25.1-2-g60ff931df9 (webtiles) character file.

Game seed: 7187081502472933144

84 Martska the Skirmisher (level 4, -2/44 HPs)
             Began as a Naga Fighter on Aug 13, 2020.
             Slain by an orc
             ... wielding a +0 short sword
              (5 damage)
             ... on level 2 of the Dungeon.
             The game lasted 00:04:46 (1574 turns).

Martska the Skirmisher (Naga Fighter)               Turns: 1574, Time: 00:04:46

Health: -2/44      AC:  3    Str: 18    XL:     4   Next: 45%
Magic:  4/4        EV:  7    Int:  9    God:
Gold:   103        SH:  8    Dex: 11    Spells: 3/3 levels left

rFire    . . .     SeeInvis +   m - +0 spear
rCold    . . .     Gourm    .   c - +0 kite shield
rNeg     . . .     Faith    .   o - +0 leather armour
rPois    +         Spirit   .   (no helmet)
rElec    .         Reflect  .   (no cloak)
rCorr    .         Harm     .   (no gloves)
MR       .....                  (no barding)
Stlth    +.........             (no amulet)
HPRegen  0.14/turn              (no ring)
MPRegen  0.09/turn              (no ring)

@: very slow
A: large, see invisible, deformed body, poison resistance, slowness 2, slow
metabolism 1, spit poison 1, AC +1
a: Spit Poison


You were on level 2 of the Dungeon.
You were not hungry.

You visited 1 branch of the dungeon, and saw 3 of its levels.

You collected 103 gold pieces.

Inventory:

Hand Weapons
 a - a +0 trident
 m - a +0 spear (weapon)
Armour
 b - a +0 scale mail
 c - a +0 kite shield (worn)
 o - a +0 leather armour (worn)
Jewellery
 g - an uncursed amulet of faith
Wands
 s - a wand of clouds (3)
Scrolls
 e - 3 scrolls of identify {unknown}
 h - 3 scrolls of teleportation {unknown}
 l - 2 scrolls of immolation {unknown}
 n - 2 scrolls of noise {unknown}
 p - a scroll of enchant armour {unknown}
 q - a scroll of fog {unknown}
Potions
 d - a potion of might
 i - 2 potions of berserk rage {unknown}
 j - a potion of ambrosia {unknown}
 k - 2 potions of heal wounds {unknown}
Comestibles
 f - 3 rations


   Skills:
 * Level 3.9 Fighting
 * Level 3.0 Polearms
 - Level 2.4 Armour
 + Level 1.1 Dodging
 + Level 2.7 Shields


You had 3 spell levels left.
You didn't know any spells.
Your spell library was empty.

Dungeon Overview and Level Annotations

Branches:
Dungeon (3/15)

Altars:
Yredelemnul


Innate Abilities, Weirdness & Mutations

You cannot wear boots.
Your serpentine skin is tough. (AC +1)
You have supernaturally acute eyesight. (SInv)
Armour fits poorly on your strangely shaped body.
Your system is resistant to poisons. (rPois)
You cover ground very slowly.
You have a slow metabolism.
You can spit poison.


Message History

The orc hits you but does no damage. The orc hits you.
You hit the orc wizard but do no damage.
The orc wizard is moderately wounded.
The orc wizard hits you with a +0 dagger.
* * * LOW HITPOINT WARNING * * *
The orc hits you with a +0 short sword.
* * * LOW HITPOINT WARNING * * *
The orc hits you but does no damage.
You puncture the orc wizard!
The orc wizard is severely wounded.
The orc wizard hits you with a +0 dagger.
* * * LOW HITPOINT WARNING * * *
The orc hits you with a +0 short sword.
* * * LOW HITPOINT WARNING * * *
The orc completely misses you.
The orc wizard hits you but does no damage.
You barely miss the orc wizard.
The orc wizard is severely wounded.
The orc hits you with a +0 short sword.
You die...

#.......####..............
#.#####.## #............##
### #..# #.......###..#
##.###.######.....##
#.##..# ##.###.## #.##.##
#..# #... #.#..# ###.##
#... #.o)#####...####..#
##@o##....###(....#
##o##.###....[...#
##........#.###...
######.<....###..#.....
#..............(.....#.
#......................
#.........>...........#
#.....................#
#....................##


You could see an orc wizard and 2 orcs.

Vanquished Creatures
  2 adders (D:2)
  4 dart slugs
  2 leopard geckos
  An orc (D:2)
  A ball python (D:2)
  2 giant cockroaches (D:1)
  7 goblins
  4 hobgoblins
  4 jackals (D:1)
  A quokka (D:2)
  10 bats
  7 frilled lizards
  2 kobolds
  4 rats
51 creatures vanquished.

Notes
Turn   | Place    | Note
-------+----------+-------------------------------------------
     0 | D:1      | Martska the Naga Fighter began the quest for the Orb.
     0 | D:1      | Reached XP level 1. HP: 21/21 MP: 1/1
    75 | D:1      | Reached XP level 2. HP: 28/28 MP: 2/2
   441 | D:1      | Reached XP level 3. HP: 34/34 MP: 3/3
   936 | D:2      | Reached XP level 4. HP: 36/44 MP: 4/4
  1014 | D:2      | Reached skill level 1 in Dodging
  1317 | D:2      | Found a basalt altar of Yredelemnul.
  1573 | D:2      | HP: 2/44 [orc/+0 short sword (5)]
  1574 | D:2      | Slain by an orc

Illustrated notes

Levels and vault maps discovered:
D:1:      eino_arrival_water_cross, layout_rooms, minmay_ruptured
D:2:      layout_rooms, lemuel_round_altar
D:3:      layout_rooms, kennysheep_jessica_study

Skill      XL: |  1  2  3  4 |
---------------+-------------+-----
Dodging        | 1 |  1.1
Polearms       | 3 |  3.0
Fighting       | |  3.9
Armour         | |  2.4
Shields        | |  2.7

Action                   |  1- 3 |  4- 6 || total
-------------------------+-------+-------++-------
Melee: Trident           |   120 |       ||   120
       Spear             |    10 |    89 ||    99
  Eat: Ration            |       |     1 ||     1
       Chunk             |       |     1 ||     1
Armor: Scale mail        |    77 |       ||    77
       Leather armour    |       |    29 ||    29
Dodge: Dodged            |    52 |    31 ||    83
Block: Kite shield       |    94 |    54 ||   148
